 Dungeon Crawl Stone Soup version 0.13-a0-2557-g7ea0453 (webtiles) character file.

583 Psiweapon the Cudgeler (level 7, 0/65 HPs)
             Began as an Ogre Skald on July 29, 2013.
             Slain by a gnoll sergeant
             ... wielding a +0,+0 trident
              (16 damage)
             ... on Level 5 of the Dungeon.
             The game lasted 00:41:17 (5252 turns).

Psiweapon the Cudgeler (Ogre Skald)                 Turns: 5252, Time: 00:41:17

HP   0/65        AC  2     Str 19      XL: 7   Next:  3%
MP  11/15        EV 11     Int 12      God:
Gold 138         SH  0     Dex 13      Spells:  4 memorised,  4 levels left

Res.Fire  : . . .   See Invis. : .   i - -1,+0 orc flail
Res.Cold  : . . .   Warding    : .   j - -1 orc robe
Life Prot.: . . .   Conserve   : .   (shield restricted)
Res.Poison: .       Res.Corr.  : .   (helmet restricted)
Res.Elec. : .       Clarity    : .   (no cloak)
Sust.Abil.: . .     Spirit.Shd : .   (gloves unavailable)
Res.Mut.  : .       Stasis     : .   (boots unavailable)
Res.Rott. : .       Flight     : .   (no amulet)
Saprovore : + . .                    I - ring of teleport control
                                     n - +4 ring of dexterity

@: slightly resistant to hostile enchantments, unstealthy
A: unfitting armour, fast metabolism 1, saprovore 1, tough skin 1
a: Stop Singing, Evoke Teleport Control


You were on level 5 of the Dungeon.
You were not hungry.

You visited 1 branch of the dungeon, and saw 5 of its levels.

You collected 118 gold pieces.

Inventory:

Hand weapons
 a - a +0,+0 mace
 e - a +0,+0 orcish club
 f - a +1,+1 orcish flail
 h - a +2,+1 sling of velocity
 i - a -1,+0 orcish flail (weapon)
 k - a +0,+0 dagger
 t - a +1,+0 sling
 u - a +0,+0 dagger
 A - a -1,+1 orcish club
 B - a +1,+0 dagger
 D - a cursed -2,-3 club
 G - a +1,+2 elven whip of venom
 M - a +0,+0 spear (quivered)
Missiles
 C - 26 stones
Armour
 b - a +0 robe
 j - a -1 orcish robe (worn)
Comestibles
 d - 4 meat rations
 g - a snozzcumber
 l - 5 bread rations
 p - an apple
 q - a choko
 O - a rotting chunk of rat flesh
 P - a pear
Scrolls
 m - a scroll of random uselessness {unknown}
 o - a scroll of remove curse
 r - 2 scrolls of amnesia
 s - 2 scrolls of blinking
 w - 3 scrolls of teleportation {unknown}
 x - 2 scrolls of fear {unknown}
 y - a scroll of fog {unknown}
 F - a scroll of enchant armour {unknown}
 J - 2 scrolls of identify
Jewellery
 n - a +4 ring of dexterity (left hand)
 I - a ring of teleport control (right hand)
Potions
 v - a potion of paralysis
 z - a potion of beneficial mutation {unknown}
 E - a potion of agility {unknown}
Books
 c - a book of Battle

   Spells                             Type                      Level
   *Infusion                          Charms                       1
   Shroud of Golubria                 Charms/Translocation         2
   *Song of Slaying                   Charms                       2
   *Spectral Weapon                   Hexes/Charms                 3
   *Regeneration                      Charms/Necromancy            3
   Song of Shielding                  Charms                       4
 L - a book of Power

   Spells                             Type                      Level
   Iskenderun's Mystic Blast          Conjuration                  4
   Venom Bolt                         Conjuration/Poison           5
   Bolt of Magma                      Conjuration/Fire/Earth       5
   Fulminant Prism                    Conjuration/Hexes            5
   Iron Shot                          Conjuration/Earth            6
   Orb of Destruction                 Conjuration                  7


   Skills:
 - Level 3.0 Fighting
 - Level 4.7 Maces & Flails
 + Level 1.3 Throwing
 + Level 3.3 Dodging
 - Level 3.6 Spellcasting
 * Level 1.5 Hexes
 - Level 2.9 Charms
 * Level 1.4 Necromancy


You had 4 spell levels left.
You knew the following spells:

 Your Spells              Type           Power        Failure   Level  Hunger
a - Infusion              Chrm           #.....       10%         1    #......
b - Song of Slaying       Chrm           #.........   12%         2    ##.....
c - Spectral Weapon       Hex/Chrm       #.......     30%         3    ###....
d - Regeneration          Chrm/Necr      #.........   30%         3    ###....


Dungeon Overview and Level Annotations

Branches:
Dungeon (5/27)
 Temple: D:4-7

Altars:

Annotations
D:4 Menkaure


Innate Abilities, Weirdness & Mutations

You are too large for most types of armour.
You have a fast metabolism.
You can tolerate rotten meat.
You have tough skin (AC +1).


Message History

Wield which item (- for none, * to show all)? (? for menu, Esc to quit)
Your +1,+2 elven whip of venom stops dripping with poison.
i - an uncursed orcish flail (weapon)
The gnoll sergeant barely misses you.
You hit the gnoll.
The gnoll is moderately wounded.
The gnoll hits you with a flail! The gnoll sergeant misses you.
You sock the gnoll!
You kill the gnoll!
The gnoll sergeant hits you from afar with a trident!
* * * LOW HITPOINT WARNING * * *
Things that are here:
a flail; 2 throwing nets; a gnoll corpse You barely miss the gnoll sergeant.
You are feeling less magically infused.
The gnoll sergeant hits you with a trident.
* * * LOW HITPOINT WARNING * * *
You barely miss the gnoll sergeant.
The gnoll sergeant hits you with a trident!
You die...

..#
#############
#.#
............#
#.#
###########.#
#.# ..# #.#
#g# #.# #.#
#g# #.#
######.# #g#
#.# #......#
#g# ..#
#.###### #@#
#.#
#.#########.#
#.#
#...........#
#.#
#.###########
### ###


You could see a gnoll sergeant and 3 gnolls.

Vanquished Creatures
  4 orc priests
  3 orc wizards
  A worker ant (D:4)
  A hound skeleton (D:3)
  A gnoll (D:5)
  5 adders
  A giant mite (D:5)
  2 worms (D:3)
  An adder skeleton (D:3)
  A giant eyeball (D:4)
  4 giant geckos
  17 orcs
  12 bats
  A bat zombie (D:3)
  4 giant cockroaches
  11 goblins
  15 hobgoblins
  2 jackals (D:1)
  An ooze (D:1)
  4 quokkas
  4 giant newts
  A goblin zombie (D:3)
  A hobgoblin skeleton (D:3)
  A jackal zombie (D:3)
  10 kobolds
  10 rats
118 creatures vanquished.

Notes
Turn   | Place    | Note
--------------------------------------------------------------
     0 | D:1      | Psiweapon, the Ogre Skald, began the quest for the Orb.
     0 | D:1      | Reached XP level 1. HP: 19/19 MP: 3/3
   304 | D:1      | Reached skill level 3 in Fighting
   475 | D:1      | Reached XP level 2. HP: 27/27 MP: 5/5
  1040 | D:1      | Reached XP level 3. HP: 35/35 MP: 2/6
  1559 | D:2      | Learned a level 2 spell: Song of Slaying
  1608 | D:2      | Reached XP level 4. HP: 30/42 MP: 0/8
  2295 | D:3      | Reached skill level 4 in Maces & Flails
  2516 | D:3      | Paralysed by a potion of paralysis for 5 turns
  2524 | D:3      | Reached XP level 5. HP: 37/49 MP: 4/10
  2797 | D:3      | Learned a level 3 spell: Spectral Weapon
  2801 | D:3      | Learned a level 3 spell: Regeneration
  3630 | D:4      | Reached XP level 6. HP: 34/58 MP: 7/13
  3887 | D:4      | Paralysed by a giant eyeball for 2 turns
  3891 | D:4      | Paralysed by a giant eyeball for 2 turns
  3929 | D:5      | Entered Level 5 of the Dungeon
  4071 | D:4      | Reached skill level 1 in Hexes
  4308 | D:4      | Reached skill level 1 in Throwing
  4308 | D:4      | Reached skill level 1 in Necromancy
  4718 | D:4      | Reached XP level 7. HP: 20/65 MP: 2/15
  5064 | D:4      | Noticed Menkaure
  5252 | D:5      | Slain by a gnoll sergeant

Action                   |  1- 3 |  4- 6 |  7- 9 || total
-------------------------+-------+-------+-------++-------
Melee: Mace              |    98 |   106 |       ||   204
       Whip              |       |   150 |    12 ||   162
       Flail             |       |     8 |     4 ||    12
 Fire: Sling             |       |    13 |       ||    13
Throw: Dagger            |    11 |     7 |       ||    18
       Club              |     2 |     6 |       ||     8
       Spear             |       |     5 |       ||     5
 Cast: Infusion          |    13 |    19 |     1 ||    33
       Song of Slaying   |     1 |     9 |     1 ||    11
       Regeneration      |       |     2 |     2 ||     4
       Spectral Weapon   |       |     1 |       ||     1
  Use: Potion            |       |     5 |       ||     5
       Scroll            |       |     4 |       ||     4
 Stab: Sleeping          |       |     1 |       ||     1
